 Dungeon Crawl Stone Soup version 0.25-a0-558-g78a2afb0af (webtiles) character file.

Game seed: 10410647124595648214, levelgen mode: classic

28352 EnegeticOcto the Blocker (level 13, -2/124 HPs)
             Began as a Deep Dwarf Fighter on Feb 24, 2020.
             Was an Elder of Makhleb.
             Killed from afar by Jorgrun (61 damage)
             ... with an iron shot
             ... on level 12 of the Dungeon.
             The game lasted 00:10:34 (8420 turns).

EnegeticOcto the Blocker (Deep Dwarf Fighter)       Turns: 8420, Time: 00:10:35

Health: -2/124     AC: 19    Str: 30    XL:     13   Next: 9%
Magic:  8/8        EV:  8    Int:  8    God:    Makhleb [****..]
Gold:   118        SH:  0    Dex: 12    Spells: 12/12 levels left

rFire    + + +     SeeInvis .   c - +8 executioner's axe "Beetlebane" {drain, -Tele Fragile rElec rN+ Str+6}
rCold    + . .     Gourm    .   (shield currently unavailable)
rNeg     + + .     Faith    .   y - +0 plate armour
rPois    +         Spirit   .   z - +1 helmet {Int+3}
rElec    +         Reflect  .   d - scarf {cloud immunity}
rCorr    .         Harm     .   w - +0 pair of gloves
MR       +....     NoTele   +   E - +0 pair of boots
Stlth    ..........             F - amulet of the acrobat
HPRegen  0.00/turn              N - ring of Denuwk {-Tele rF+++ rC+ rN+ Int-5, =R}
MPRegen  0.11/turn              D - ring of poison resistance

@: non-regenerating
A: damage resistance, heal wounds, sense surroundings 2, no regeneration
a: Heal Wounds, Minor Destruction, Lesser Servant of Makhleb, Major Destruction,
Renounce Religion


You were on level 12 of the Dungeon.
You worshipped Makhleb.
Makhleb was greatly pleased with you.
You were not hungry.

You visited 3 branches of the dungeon, and saw 15 of its levels.
You also visited: Ossuary, Bailey and Gauntlet.

You collected 889 gold pieces.
You spent 771 gold pieces at shops.

Inventory:

Hand Weapons
 a - a +2 demon whip of electrocution
 b - a +1 hand axe of electrocution
 c - the +8 executioner's axe "Beetlebane" (weapon) {drain, -Tele Fragile rElec rN+ Str+6}
   (You acquired it on level 12 of the Dungeon)

   A truly terrible weapon, it drains the life of those it strikes.
   It affects your strength (+6).
   It insulates you from electricity.
   It protects you from negative energy.
   It prevents most forms of teleportation.
   It will be destroyed if unequipped.
 i - a +0 broad axe
Missiles
 G - 2 throwing nets (quivered)
Armour
 d - a scarf of cloud immunity (worn)
 w - a +0 pair of gloves (worn)
 y - a +0 plate armour (worn)
 z - a +1 helmet of intelligence (worn)
 E - a +0 pair of boots (worn)
Jewellery
 D - a ring of poison resistance (right hand)
 F - an amulet of the acrobat (around neck)
 N - the ring of Denuwk (left hand) {-Tele rF+++ rC+ rN+ Int-5, =R}
   (You bought it in a shop on level 4 of the Dungeon)

   [ring of protection from cold]

   It affects your intelligence (-5).
   It renders you almost immune to fire.
   It protects you from cold.
   It protects you from negative energy.
   It prevents most forms of teleportation.
Wands
 t - a wand of acid (2) {@v1}
 B - a wand of iceblast (13)
 C - a wand of clouds (12)
 K - a wand of polymorph (6)
Scrolls
 h - 2 scrolls of blinking {@r3}
 r - 7 scrolls of remove curse {@r6}
 H - 3 scrolls of enchant weapon
 I - 2 scrolls of fear
 J - a scroll of enchant armour
 M - 2 scrolls of fog
 P - a scroll of identify {@r1}
 Q - 3 scrolls of teleportation {@r2}
Potions
 f - 2 potions of lignification {@q7}
 g - a potion of magic
 j - a potion of mutation
 k - 2 potions of might {@q3}
 m - a potion of resistance {@q6}
 n - 2 potions of haste {@q4}
 o - 2 potions of ambrosia
 p - 2 potions of flight
 q - 2 potions of stabbing {unknown}
 s - 2 potions of invisibility
 u - 8 potions of curing {@q1}
 v - 2 potions of cancellation
Comestibles
 e - 11 rations
 l - 3 chunks of flesh


   Skills:
 * Level 10.6 Fighting
 * Level 12.1 Axes
 + Level 9.2 Armour
 + Level 1.6 Dodging
   Level 12.1 Shields
 * Level 11.4 Invocations


You had 12 spell levels left.
You didn't know any spells.
Your spell library was empty.

Dungeon Overview and Level Annotations

Branches:
Dungeon (12/15)            Temple (1/1) D:6            Lair (0/6) D:8
    Orc (2/2) D:11            Elf (0/3) Orc:2       Ossuary (visited)
 Bailey (visited)         Gauntlet (visited)

Altars:
Ashenzari
Cheibriados
Dithmenos
Elyvilon
Fedhas
Gozag
Hepliaklqana
Kikubaaqudgha
Makhleb
Nemelex Xobeh
Okawaru
Qazlal
Ru
Sif Muna
Trog
Uskayaw
Vehumet
Wu Jian
Xom
Yredelemnul
Zin
The Shining One

Shops:
D:4 =[::

Annotations:
D:1 1 runed translucent door
D:8 1 runed translucent door, 2 transporters, zikan's ghost, novice GrEE
D:12 Jorgrun


Innate Abilities, Weirdness & Mutations

You are resistant to damage.
You can heal yourself by infusing magical energy.
You passively map the area around you.
You do not regenerate.


Message History

The slime creature hits you.
The slime creature hits you but does no damage.
You barely miss the slime creature.
The slime creature is severely wounded.
You slice the slime creature!!
Two slime creatures merge to form a large slime creature.
The slime creature hits you but does no damage.
You slice the slime creature!!
You kill the slime creature!
Makhleb accepts your kill.
You feel better.
You hit the large slime creature.
Your plate armour prevents you from hitting the large slime creature.
The large slime creature is moderately wounded.
The large slime creature hits you but does no damage. x2
You open the large slime creature like a pillowcase!!!
The large slime creature is severely wounded.
The large slime creature hits you!!
You slice the large slime creature!!
The large slime creature is almost dead.
The large slime creature hits you but does no damage.
A large slime creature splits.
You cut the slime creature into ribbons!!!
You kill the slime creature!
Makhleb accepts your kill.
You feel better.
You slice the slime creature!!
You kill the slime creature!
Makhleb accepts your kill.
No target in view!
No target in view!
No target in view!
No target in view!
No target in view!
No target in view!
No target in view!
Some of the chunks of flesh in your inventory have rotted away.
Found a stone staircase leading down.
There is a stone staircase leading down here.
q - 2 dark potions
Found a potion of degeneration.
Found a stone staircase leading down.
A hound comes into view.
The hound barks!
A hound is nearby!
You see here a potion of degeneration.
You hit the hound.
The hound is moderately wounded.
The hound bites you but does no damage. x2
You slash the hound!
You kill the hound!
Makhleb accepts your kill.
You feel better.
No target in view!
No target in view!
No target in view!
No target in view!
No target in view!
No target in view!
Jorgrun Earthshaker comes into view.
He is wielding a staff of earth and wearing a +2 robe of resistance.
Jorgrun shouts!
Jorgrun casts a spell past you.
The wall shatters!
The blast of rock fragments hits you!!
Jorgrun is nearby!
Jorgrun is nearby!
Jorgrun is nearby!
Jorgrun is nearby!
Jorgrun mutters some incantations to himself.
Found a stone staircase leading up.
Jorgrun is nearby!
Jorgrun misses you.
You slash Jorgrun!
Jorgrun is lightly wounded.
Jorgrun barely misses you.
You cut Jorgrun into ribbons!!!
Jorgrun is heavily wounded.
Jorgrun hits you but does no damage.
You barely miss Jorgrun.
Jorgrun is heavily wounded.
Jorgrun points at you and mumbles some strange words.
The iron shot hits you!!!
* * * LOW HITPOINT WARNING * * *
Jorgrun gestures at you while chanting.
The iron shot hits you but does no damage.
You are too injured to fight recklessly!
You are too injured to fight recklessly!
You are too injured to fight recklessly!
You are too injured to fight recklessly!
You are too injured to fight recklessly!
You are too injured to fight recklessly!
You are too injured to fight recklessly!
You are too injured to fight recklessly!
You are too injured to fight recklessly!
Your magical essence is drained by the effort!
You feel much better.
Jorgrun hits you with an uncursed staff of earth!
Jorgrun crushes you!!
* * * LOW HITPOINT WARNING * * *
You feel much better. Jorgrun gestures at you while chanting.
The iron shot hits you!!!
You die...

### * #.. , * #######<# *
#^....#.# * * **
#########.###.#.# ,
#.........# #.#.######.## *
...#......###...@g......##
..............######.#.#.##
#.##..##.#####........)...# *
#.##..##.# #.........#..# #
#.##..##.#####..###.##.#..##.#
...#..##...............#.....#
....<.##...###..##.#......####
................##.#...#..#
......###.^####.##.#.###..#


You could see Jorgrun.

Vanquished Creatures
  Gastronok (D:11)
  A minotaur (Gauntlet)
  Harold (D:8)
  Fannar (D:11)
  Erolcha (D:9)
  A hydra (D:12)
  2 two-headed ogres
  2 unseen horrors
  A large abomination (Gauntlet)
  An orc knight (Bailey)
  Pikel (D:5)
  An ugly thing (D:12)
  2 manticores (D:12)
  Psyche (D:9)
  A gargoyle (D:10)
  A komodo dragon (D:8)
  A troll (Orc:2)
  A tyrant leech (Gauntlet)
  2 hippogriffs
  9 slime creatures (D:12)
  18 yaks (D:11)
  A vampire (D:12)
  A wyvern (D:8)
  2 hungry ghosts
  4 vampire mosquitoes (D:12)
  A basilisk (D:8)
  Menkaure (D:6)
  2 wargs
  An acid dragon (D:8)
  3 swamp worms (Gauntlet)
  2 water moccasins (D:10)
  A meliai simulacrum (Gauntlet)
  17 orc warriors
  2 slaves (D:5)
  3 black bears
  2 ice beasts
  4 sky beasts
  10 ogres
  A necrophage (D:12)
  An ogre (shapeshifter) (D:12)
  3 small abominations (Gauntlet)
  14 centaurs
  2 crocodiles (D:8)
  9 bullfrogs
  2 hornet simulacra (Gauntlet)
  9 scorpions
  17 killer bees (D:12)
  9 wights
  2 howler monkeys
  5 crimson imps
  A bullfrog zombie (D:6)
  3 centaur zombies
  3 quasits
  9 hounds
  3 human zombies (Ossuary)
  5 jellies
  2 bullfrog skeletons
  6 orc priests
  15 orc wizards
  2 centaur skeletons
  12 worker ants
  A killer bee zombie (D:8)
  2 bullfrog simulacra (Gauntlet)
  3 big kobold zombies (Ossuary)
  4 mummies
  2 worker ant zombies
  5 gnolls
  4 adders
  5 scorpion zombies (Ossuary)
  A shadow imp (D:9)
  An adder skeleton (D:4)
  A worm (D:3)
  A dart slug (D:3)
  5 leopard geckos
  50 orcs
  A ball python (D:5)
  4 bats
  3 giant cockroaches
  12 goblins
  5 hobgoblins
  7 jackals
  5 quokkas
  3 frilled lizards
  3 goblin zombies (Ossuary)
  3 hobgoblin zombies (Ossuary)
  2 jackal skeletons (D:7)
  2 kobolds (D:3)
  2 kobold zombies (Ossuary)
  A leopard gecko zombie (D:8)
  3 orc zombies (Ossuary)
  2 quokka zombies
  3 rats
  A demonic plant (Gauntlet)
389 creatures vanquished.

Vanquished Creatures (others)
  A slave (D:5)
  A scorpion (Ossuary)
  11 demonic plants (Gauntlet)
  A fungus (D:8)
  8 plants
  9 withered plants (Gauntlet)
31 creatures vanquished.

Grand Total: 420 creatures vanquished

Notes
Turn   | Place    | Note
-------+----------+-------------------------------------------
     0 | D:1      | EnegeticOcto the Deep Dwarf Fighter began the quest for the
                  | Orb.
     0 | D:1      | Reached XP level 1. HP: 20/20 MP: 1/1
     1 | D:1      | Found a runed translucent door.
   236 | D:2      | Reached XP level 2. HP: 27/27 MP: 2/2
   267 | D:3      | Reached XP level 3. HP: 34/34 MP: 3/3
   507 | D:4      | Found Kunan's Book Boutique.
   570 | D:4      | Noticed an ogre
   582 | D:4      | Killed an ogre
   582 | D:4      | Reached XP level 4. HP: 44/44 MP: 4/4
   582 | D:4      | Reached XP level 5. HP: 50/50 MP: 5/5
   583 | D:4      | Found a sand-covered staircase.
   591 | Ossuary  | Entered an ossuary
   635 | Ossuary  | Reached XP level 6. HP: 48/57 MP: 6/6
   655 | Ossuary  | Reached skill level 5 in Shields
   789 | Ossuary  | Reached XP level 7. HP: 54/66 MP: 7/7
   849 | Ossuary  | Reached skill level 5 in Axes
  1056 | D:4      | Reached skill level 5 in Fighting
  1272 | D:4      | Found Uxisteiri's Book Boutique.
  1330 | D:4      | Found Kar Egem's Jewellery Shop.
  1341 | D:4      | Found Riuthirae's Armour Emporium.
  1404 | D:4      | Reached skill level 5 in Armour
  1470 | D:4      | Found a sparkling altar of Nemelex Xobeh.
  1472 | D:4      | Found a shattered altar of Ashenzari.
  1575 | D:5      | Entered Level 5 of the Dungeon
  1610 | D:5      | Reached XP level 8. HP: 46/74 MP: 7/7
  1862 | D:5      | Found a hide-covered altar of Uskayaw.
  2327 | D:6      | Noticed Pikel
  2355 | D:5      | Killed Pikel
  2355 | D:5      | Gained mutation: You passively map the area around you.
                  | [Deep Dwarf growth]
  2355 | D:5      | Reached XP level 9. HP: 56/85 MP: 8/8
  2466 | D:6      | Noticed Menkaure
  2477 | D:6      | Killed Menkaure
  2669 | D:6      | Found a bloodstained altar of Trog.
  2699 | D:6      | Found a staircase to the Ecumenical Temple.
  2883 | Temple   | Entered the Ecumenical Temple
  2946 | Temple   | Became a worshipper of Makhleb the Destroyer
  3041 | D:7      | Reached skill level 1 in Invocations
  3069 | D:7      | Found a bloodstained altar of Trog.
  3202 | D:7      | Found a radiant altar of Vehumet.
  3326 | D:7      | Found a shimmering altar of Xom.
  3413 | D:7      | Found an iron altar of Okawaru.
  3416 | D:7      | Found an opulent altar of Gozag.
  3691 | D:8      | Reached * piety under Makhleb
  3766 | D:8      | Found a flagged portal.
  3785 | Bailey   | Entered a bailey
  3833 | Bailey   | Noticed an orc knight
  3861 | Bailey   | Killed an orc knight
  3861 | Bailey   | Reached XP level 10. HP: 65/94 MP: 8/10
  3992 | D:8      | Found a runed translucent door.
  3999 | D:8      | Identified the +4 spear of the Insatiable Cities {speed,
                  | *Rage Str+2 Int+5}
  4000 | D:8      | Noticed zikan's ghost (novice GrEE)
  4163 | D:8      | Reached skill level 5 in Invocations
  4168 | D:8      | Reached ** piety under Makhleb
  4223 | D:8      | Found a staircase to the Lair.
  4352 | D:8      | Found an ornate altar of the Wu Jian Council.
  4352 | D:8      | Noticed Harold
  4385 | D:8      | Killed Harold
  4417 | D:8      | Noticed a centaur warrior
  4419 | D:8      | Noticed a four-headed hydra
  4420 | D:8      | Found a transporter.
  4460 | D:8      | Found a transporter.
  4593 | D:8      | Found a glowing golden altar of the Shining One.
  4813 | D:9      | Found a white marble altar of Elyvilon.
  4861 | D:9      | Noticed Psyche
  4867 | D:9      | Killed Psyche
  4873 | D:9      | Found a basalt altar of Yredelemnul.
  4968 | D:9      | Noticed Erolcha
  4969 | D:9      | Noticed a two-headed ogre
  4983 | D:9      | Killed a two-headed ogre
  4983 | D:9      | Reached skill level 10 in Shields
  4983 | D:9      | Reached XP level 11. HP: 103/104 MP: 10/10
  4995 | D:9      | Killed Erolcha
  5044 | D:9      | Reached *** piety under Makhleb
  5316 | D:10     | Entered Level 10 of the Dungeon
  5316 | D:10     | Noticed an unseen horror
  5327 | D:10     | Killed an unseen horror
  5516 | D:10     | Reached skill level 10 in Axes
  6144 | D:11     | Found a staircase to the Orcish Mines.
  6198 | D:11     | Reached **** piety under Makhleb
  6285 | D:11     | Noticed Gastronok
  6304 | D:11     | Killed Gastronok
  6315 | Orc:1    | Entered Level 1 of the Orcish Mines
  6400 | Orc:2    | Entered Level 2 of the Orcish Mines
  6400 | Orc:2    | Found a staircase to the Elven Halls.
  6420 | Orc:2    | Reached XP level 12. HP: 107/115 MP: 11/13
  6633 | D:11     | Reached ***** piety under Makhleb
  6674 | D:11     | Noticed Fannar
  6705 | D:11     | Killed Fannar
  6793 | D:11     | Reached skill level 10 in Invocations
  7086 | D:4      | Bought the ring of Denuwk {-Tele rF+++ rC+ rN+ Int-5} for
                  | 771 gold pieces
  7314 | D:12     | Noticed a two-headed ogre
  7324 | D:12     | Killed a two-headed ogre
  7324 | D:12     | Reached skill level 10 in Fighting
  7528 | D:12     | Found a gate leading to a gauntlet.
  7552 | Gauntlet | Entered a Gauntlet
  7552 | Gauntlet | Found a transporter.
  7562 | Gauntlet | Found a transporter.
  7577 | Gauntlet | Found a transporter.
  7582 | Gauntlet | Found a transporter.
  7590 | Gauntlet | Noticed a death yak
  7592 | Gauntlet | Noticed a death yak
  7595 | Gauntlet | Noticed a death yak
  7596 | Gauntlet | Noticed a death yak
  7597 | Gauntlet | Found a transporter.
  7614 | Gauntlet | Noticed a death ooze
  7616 | Gauntlet | Found a transporter.
  7624 | Gauntlet | Noticed a death yak
  7624 | Gauntlet | Noticed a death yak
  7625 | Gauntlet | Noticed a death yak
  7626 | Gauntlet | Noticed a death yak
  7628 | Gauntlet | Found a transporter.
  7634 | Gauntlet | Found a transporter.
  7647 | Gauntlet | Noticed a green death
  7649 | Gauntlet | Found a transporter.
  7657 | Gauntlet | Noticed a death ooze
  7661 | Gauntlet | Found a transporter.
  7673 | Gauntlet | Found a transporter.
  7690 | Gauntlet | Found a transporter.
  7690 | Gauntlet | Found a transporter.
  7710 | Gauntlet | Found a transporter.
  7797 | Gauntlet | Found a transporter.
  7822 | Gauntlet | Found a transporter.
  7824 | Gauntlet | Found a transporter.
  7844 | Gauntlet | Found a transporter.
  8022 | Gauntlet | Got a pitted gossamer ring
  8024 | Gauntlet | Identified the ring "Xuprogox" {Fire +Inv rN+ Dex-3 SInv}
                  | (You found it in a Gauntlet)
  8059 | Gauntlet | Identified the ring "Zehuapt" {rF+ Dex+2}
  8059 | Gauntlet | Noticed a minotaur
  8084 | Gauntlet | Killed a minotaur
  8099 | D:12     | Identified a scroll of acquirement
  8099 | D:12     | Identified the +8 executioner's axe "Beetlebane" {drain,
                  | -Tele Fragile rElec rN+ Str+6} (You acquired it on level 12
                  | of the Dungeon)
  8099 | D:12     | Identified the ring "Ocwot" {rC++ Str+3} (You acquired it
                  | on level 12 of the Dungeon)
  8158 | D:12     | Noticed a four-headed hydra
  8178 | D:12     | Killed a four-headed hydra
  8178 | D:12     | Reached skill level 1 in Dodging
  8178 | D:12     | Reached XP level 13. HP: 88/124 MP: 9/9
  8412 | D:12     | Noticed Jorgrun
  8420 | D:12     | Killed from afar by Jorgrun

Levels and vault maps discovered:
D:1:      dpeg_arrival_caged_fury, layout_basic
D:2:      layout_basic, first_ration, chequers_ecumenical_altar_island
D:3:      layout_loops_ring
D:4:      layout_loops_cross, nicolae_overflow_hidden_temple,
          gup_ossuary_entry_pyramid, serial_shops, shop, shop, shop, shop
D:5:      layout_basic, lemuel_crystal_altar, minmay_quadrilaterals
D:6:      layout_cave_pools, minmay_temple_entry_enclosed_plants, basic_altar,
          uniq_pikel, uniq_menkaure
D:7:      layout_cave_pools, grunt_temple_overflow_open, trog_ov_bears_minmay,
          kennysheep_mini
D:8:      layout_loops_ring, gammafunk_temple_overflow_arena,
          nicolae_tso_swordbearing_angel, erik_lair_dragon, enter_bailey_3,
          ebering_ghost_funeral_grove, uniq_harold
D:9:      layout_cave_pools, kennysheep_ying_yang, uniq_psyche, uniq_erolcha
D:10:     layout_loops_corners
D:11:     layout_basic, orc_0_dummy, uniq_nergalle, uniq_gastronok, uniq_sonja,
          uniq_fannar
D:12:     layout_loops_ring, gauntlet_entry_generic, uniq_jorgrun
Temple:   cyrus_temple_forest
Orc:1:    layout_diamond_mine
Orc:2:    st_orc_rangers, layout_caves, basic_altar, uniq_saint_roka

Skill      XL: |  1  2  3  4  5  6  7  8  9 10 11 12 |
---------------+-------------------------------------+-----
Fighting       | 3 4 5 6 7 8 9 10 | 10.6
Axes           | 3 4 5 7 8 9 10 12 | 12.1
Shields        | 4 5 6 7 9 10 11 12 | 12.1
Armour         | 4 5 6 7 8 9 |  9.2
Invocations    | 4 6 9 11 | 11.4
Dodging        | 1 |  1.6

Action                   |  1- 3 |  4- 6 |  7- 9 | 10-12 | 13-15 || total
-------------------------+-------+-------+-------+-------+-------++-------
Melee: War axe           |   101 |   121 |   425 |    26 |       ||   673
       Broad axe         |       |       |       |   104 |       ||   104
       Hand axe          |       |       |       |   753 |       ||   753
       Executioner's axe |       |       |       |    24 |    64 ||    88
 Abil: Heal Wounds       |     4 |     1 |    12 |    27 |     2 ||    46
Evoke: Wand              |       |       |     8 |     9 |     1 ||    18
  Use: Scroll            |       |       |    19 |    10 |       ||    29
 Stab: Paralysed         |       |       |     6 |       |       ||     6
       Confused          |       |       |       |     2 |       ||     2
  Eat: Chunk             |       |       |     8 |    14 |     1 ||    23
       Ration            |       |       |     1 |     1 |       ||     2
Armor: Scale mail        |    42 |    37 |    33 |       |       ||   112
       Plate armour      |       |       |   247 |   364 |    58 ||   669
Dodge: Dodged            |    28 |    18 |    64 |   145 |    40 ||   295
Block: Tower shield      |   112 |    97 |   548 |   895 |       ||  1652

Table legend:
 A = Non-vault XP
 B = Vault XP
 C = Vault XP percentage of total XP
 D = Non-vault monster count
 E = Vault monster count
 F = Vault count percentage of total count
                 A         B        C        D         E       F
            +---------+---------+-------+---------+---------+-------
      Total |   25749 |   14755 |  36.4 |     289 |      97 |  25.1
            +---------+---------+-------+---------+---------+-------
        D:1 |       8 |       0 |   0.0 |       5 |       0 |   0.0
        D:2 |       5 |       0 |   0.0 |       3 |       0 |   0.0
        D:3 |      79 |       0 |   0.0 |      21 |       0 |   0.0
        D:4 |     442 |      16 |   3.5 |      14 |       1 |   6.7
        D:5 |     635 |     640 |  50.2 |      20 |       2 |   9.1
        D:6 |     787 |     175 |  18.2 |      17 |       1 |   5.6
        D:7 |    1270 |     257 |  16.8 |      22 |       2 |   8.3
        D:8 |     766 |    2173 |  73.9 |      25 |      11 |  30.6
        D:9 |    1806 |    1443 |  44.4 |      20 |       2 |   9.1
       D:10 |    2915 |       0 |   0.0 |      24 |       0 |   0.0
       D:11 |    5923 |    3241 |  35.4 |      51 |       2 |   3.8
       D:12 |    9965 |       0 |   0.0 |      52 |       0 |   0.0
      Orc:1 |     201 |     129 |  39.1 |       3 |       1 |  25.0
      Orc:2 |     947 |    1242 |  56.7 |      12 |      12 |  50.0
    Ossuary |       0 |     842 | 100.0 |       0 |      33 | 100.0
     Bailey |       0 |    1231 | 100.0 |       0 |      16 | 100.0
   Gauntlet |       0 |    3366 | 100.0 |       0 |      14 | 100.0
            +---------+---------+-------+---------+---------+-------
